Map: Acropolis LE

Players

Namshar - Winner!

  • Race: Zerg Zerg
  • Spawn Location: 5:00

SpaceMarine

  • Race: Protoss Protoss
  • League: Diamond
  • Spawn Location: 11:00

Event: 2019 WCS Summer

VOD

Have the link to the VOD?

Description

Time

  • Played on: July 12, 2019, 6:59 a.m.
  • Length: 13:21

All games in this series

Show
View Real Time Build Order
Export as new Build Order

Namshar Zerg - Winner!

Build Orders: Hatch First 

Get SALT Encoding   

  12  0:00  Drone  
  13  0:12  Overlord  
  13  0:17  Drone  
  14  0:30  Drone x2  
  16  0:46  Hatchery  
  15  0:50  Drone  
  15  0:54  Drone  
  17  0:57  Drone  
  18  1:07  Extractor  
  17  1:12  Spawning Pool  
  17  1:15  Drone  
  17  1:18  Drone  
  18  1:27  Drone  
  19  1:38  Drone  
  20  1:49  Drone  
  21  1:58  Queen  
  21  1:59  Queen  
  21  2:00  Zergling x2, Overlord  
  26  2:10  Drone  
  26  2:11  Drone  
  28  2:20  Drone  
  28  2:21  Drone  
  30  2:31  Hatchery  
  30  2:32  Drone  
  30  2:34  Pneumatized Carapace  
  30  2:40  Zergling x2  
  31  2:45  Overlord  
  31  2:46  Drone  
  32  2:54  Queen  
  32  2:56  Drone  
  35  3:00  Overlord  
  35  3:04  Zergling x2, Drone  
  36  3:10  Drone x4  
  40  3:13  Drone  
  40  3:17  Metabolic Boost  
  40  3:18  Drone  
  42  3:21  Drone  
  42  3:26  Drone  
  44  3:29  Queen  
  46  3:34  Overlord  
  46  3:42  Extractor  
  46  3:43  Queen  
  46  3:44  Drone  
  46  3:45  Drone x2  
  50  3:48  Drone  
  50  3:49  Drone  
  50  3:50  Overlord  
  53  3:55  Zergling x2  
  53  3:56  Zergling x6  
  56  4:04  Zergling x4  
  56  4:05  Zergling x2  
  56  4:07  Queen  
  56  4:08  Drone  
  62  4:11  Overlord  
  62  4:12  Drone  
  62  4:16  Drone x3  
  66  4:24  Overlord  
  66  4:26  Lair  
  66  4:28  Drone, Evolution Chamber  
  66  4:34  Drone  
  66  4:35  Drone x4  
  71  4:41  Drone  
  71  4:43  Baneling Nest  
  71  4:45  Zergling x2  
  71  4:46  Zergling x2  
  71  4:47  Overlord  
  71  4:50  Drone x3  
  76  4:55  Queen  
  77  5:02  Zergling x4  
  77  5:03  Zergling x4  
  78  5:07  Drone x3  
  78  5:08  Zergling x2  
  78  5:12  Zerg Melee Weapons Level 1  
  80  5:19  Zergling x4  
  82  5:22  Queen  
  82  5:24  Spore Crawler  
  82  5:26  Centrifical Hooks  
  82  5:27  Spore Crawler  
  82  5:28  Drone, Spore Crawler  
  82  5:29  Drone x4, Extractor  
  82  5:30  Baneling x3, Extractor  
  82  5:31  Baneling x2  
  82  5:34  Queen  
  86  5:39  Queen  
  88  5:46  Drone x2  
  88  5:53  Drone  
  88  5:55  Overlord x2  
  87  6:06  Baneling x5  
  87  6:09  Zergling x4, Spore Crawler  
  87  6:10  Overlord x2  
  88  6:13  Queen, Extractor  
  83  6:27  Queen  
  83  6:28  Drone x4  
  83  6:29  Zergling x4  
  83  6:32  Drone x3  
  89  6:33  Drone, Overlord  
  89  6:35  Queen  
  89  6:36  Hydralisk Den  
  89  6:37  Drone x3  
  90  6:46  Spore Crawler  
  89  6:49  Zergling x12  
  89  6:50  Baneling x2  
  89  6:51  Baneling x2  
  89  6:53  Drone  
  89  6:54  Drone  
  97  6:58  Extractor  
  97  6:59  Drone  
  97  7:00  Drone x6  
  102  7:06  Overseer  
  102  7:09  Drone x3  
  102  7:11  Baneling x2  
  102  7:12  Hatchery  
  102  7:23  Drone x3  
  102  7:24  Muscular Augments, Zerg Melee Weapons Level 2  
  102  7:27  Overlord  
  102  7:29  Zergling x8  
  109  7:37  Overlord x2  
  109  7:38  Overlord  
  109  7:41  Zergling x4  
  110  7:47  Drone x5  
  106  7:58  Drone  
  106  7:59  Drone x2  
  107  8:08  Spore Crawler  
  104  8:17  Hydralisk x8  
  116  8:25  Hydralisk x8  
  119  8:35  Grooved Spines  
  119  8:38  Drone x6  
  119  8:45  Drone x3  
  119  8:47  Queen  
  123  8:53  Hydralisk  
  123  8:54  Hydralisk x2  
  129  8:56  Baneling x7  
  129  9:03  Hydralisk x2  
  129  9:04  Hydralisk x2  
  137  9:12  Zergling x2  
  137  9:13  Zergling x8  
  142  9:20  Drone, Queen  
  142  9:23  Overlord x2  
  143  9:37  Hydralisk x2  
  148  9:38  Zergling x12  
  148  9:40  Baneling x8  
  153  9:46  Hydralisk, Zergling x2  
  153  9:47  Zergling x20  
  153  9:50  Zerg Missile Weapons Level 1  
  153  9:51  Infestation Pit  
  165  9:56  Drone  
  161  10:09  Drone  
  161  10:11  Hydralisk x9  
  180  10:23  Baneling x5  
  180  10:24  Baneling x4, Overlord x2  
  180  10:25  Overlord  
  180  10:28  Hive, Spire  
  180  10:32  Baneling x6  
  180  10:35  Overseer  
  179  10:36  Overlord  
  179  10:37  Overlord  
  179  10:40  Zergling x2  
  179  10:41  Zergling x8  
  183  10:48  Baneling x8  
  183  10:49  Zergling x8  
  183  11:03  Hydralisk  
  170  11:04  Zergling x26  
  161  11:12  Hydralisk  
  161  11:13  Zergling x4  
  138  11:20  Hydralisk x6  
  138  11:28  Hydralisk x3, Extractor x2  
  136  11:33  Hydralisk  
  136  11:35  Drone  
  139  11:40  Hydralisk x3  
  145  11:49  Baneling x10  
  137  11:55  Baneling  
  137  11:56  Baneling  
  137  11:57  Hydralisk  
  137  11:58  Hydralisk  
  137  12:00  Drone x11  
  152  12:02  Drone  
  153  12:17  Hydralisk  
  153  12:18  Hydralisk, Zergling x8  
  153  12:19  Zergling x2  
  153  12:22  Hatchery  
  160  12:26  Corruptor x2  
  160  12:29  Corruptor  
  164  12:35  Baneling  
  164  12:36  Baneling, Zergling x2  
  164  12:37  Zergling x6  
  170  12:41  Baneling x5  
  170  12:47  Hydralisk  
  170  12:48  Zergling x22  
  170  12:50  Zergling x2  
  164  12:52  Hydralisk  
  164  12:53  Zergling x2  
  162  13:00  Baneling x8  
  162  13:02  Zergling x4  
Show
View Real Time Build Order
Export as new Build Order

SpaceMarine Protoss 

Build Orders: 1 Gate Expand, Mass Phoenix 

Get SALT Encoding   

  12  0:00  Probe  
  13  0:12  Probe  
  14  0:20  Pylon  
  14  0:24  Probe  
  15  0:34  Probe  
  15  0:39  Gateway  
  15  0:42  Probe  
  16  0:48  Assimilator  
  17  0:52  Probe  
  18  1:04  Probe  
  19  1:20  Nexus  
  19  1:24  Probe  
  20  1:32  Cybernetics Core  
  20  1:36  Probe  
  21  1:41  Assimilator  
  21  1:48  Probe  
  21  1:49  Pylon  
  22  1:58  Probe  
  22  1:59  Adept  
  23  2:06  Probe  
  23  2:10  Warp Gate  
  23  2:14  Probe  
  26  2:19  Twilight Council  
  27  2:26  Probe  
  27  2:28  Probe  
  27  2:29  Stalker  
  31  2:37  Probe  
  31  2:38  Probe  
  33  2:47  Probe  
  33  2:50  Probe  
  35  2:56  Resonating Glaives  
  35  2:59  Probe  
  35  3:03  Probe  
  37  3:11  Probe, Gateway  
  38  3:14  Gateway  
  38  3:15  Probe  
  39  3:22  Probe  
  39  3:24  Stargate  
  39  3:26  Assimilator  
  40  3:27  Probe  
  40  3:29  Assimilator  
  40  3:30  Probe  
  41  3:37  Pylon  
  41  3:38  Probe  
  41  3:39  Probe  
  44  3:49  Probe  
  44  3:51  Probe  
  44  3:52  Stargate  
  46  4:02  Probe, Pylon  
  47  4:03  Probe  
  47  4:05  Phoenix  
  47  4:09  Pylon  
  51  4:16  Adept  
  51  4:17  Adept  
  54  4:21  Adept  
  54  4:22  Probe  
  57  4:29  Phoenix  
  57  4:30  Phoenix  
  59  4:33  Probe  
  62  4:39  Adept x2  
  62  4:41  Pylon  
  62  4:43  Protoss Air Weapons Level 1  
  62  4:44  Adept  
  68  4:54  Phoenix  
  70  5:01  Pylon  
  70  5:05  Phoenix  
  64  5:11  Phoenix  
  64  5:19  Adept x3  
  72  5:26  Phoenix  
  72  5:31  Pylon  
  72  5:35  Phoenix  
  74  5:40  Adept x3  
  82  5:51  Phoenix  
  82  5:55  Probe  
  85  5:57  Phoenix  
  87  6:16  Phoenix  
  89  6:19  Adept x2  
  89  6:25  Phoenix  
  82  6:30  Probe  
  82  6:32  Forge  
  77  6:34  Phoenix  
  77  6:42  Phoenix  
  75  6:47  Adept  
  75  6:48  Adept x2  
  75  6:51  Probe x2  
  85  6:55  Nexus  
  85  6:58  Pylon  
  85  6:59  Pylon  
  85  7:06  Probe x2  
  87  7:08  Phoenix  
  87  7:09  Phoenix  
  91  7:18  Probe  
  91  7:21  Probe  
  91  7:23  Adept  
  91  7:24  Adept x2  
  97  7:30  Probe  
  97  7:33  Probe  
  97  7:34  Robotics Facility  
  97  7:36  Robotics Facility  
  99  7:42  Probe  
  100  7:50  Probe  
  95  7:52  Adept x3  
  95  7:54  Protoss Ground Weapons Level 1  
  101  7:58  Probe  
  96  8:07  Probe x2  
  96  8:12  Assimilator x2  
  96  8:15  Immortal  
  96  8:18  Immortal  
  92  8:20  Probe  
  92  8:25  Probe  
  98  8:34  Probe  
  87  8:47  Zealot x3, Warp Prism  
  89  8:50  Immortal  
  89  8:51  Gateway x2  
  89  8:54  Templar Archives, Gateway  
  93  8:56  Gateway  
  93  8:59  Gateway  
  93  9:01  Gateway  
  95  9:09  Photon Cannon  
  95  9:26  Robotics Bay  
  95  9:29  Zealot x3  
  101  9:36  Pylon x2  
  101  9:47  Charge  
  101  9:55  Zealot x6  
  101  9:59  Colossus  
  113  10:03  Colossus  
  101  10:09  Extended Thermal Lance  
  112  10:22  Sentry x3  
  118  10:30  Zealot x4, Protoss Ground Weapons Level 2  
  126  10:37  Photon Cannon x2  
  126  10:42  Pylon  
  124  10:55  Colossus  
  122  11:01  Zealot x5  
  99  11:13  Probe x2  
  92  11:20  Zealot x4  
  92  11:21  Zealot  
  92  11:25  Probe  
  88  11:29  Probe x2  
  88  11:32  Colossus  
  85  11:33  Probe  
  86  11:41  Probe  
  86  11:43  Probe  
  86  11:44  Probe  
  89  11:48  High Templar x2  
  89  11:49  High Templar x2  
  89  11:50  Zealot, High Templar x2  
  89  11:51  High Templar x2  
  89  11:53  Archon  
  113  11:54  Archon x2  
  113  11:55  Archon  
  105  12:20  High Templar  
  105  12:21  High Templar x2  
  105  12:22  Zealot, High Templar  
  110  12:23  Zealot x4  
  110  12:25  Archon x2  
  124  12:40  Zealot  
  126  12:44  Zealot x2  
  126  12:45  Zealot x2  
  120  12:53  Zealot x3  
  108  13:05  Zealot x6  
Tags
 
Add a new tag
Caveats
  • Supply blocks, unpowered buildings, or Contaminate may cause inaccurate times.
  • Supply counts are checked every 10 seconds.